 Dungeon Crawl Stone Soup version 0.29-a0-356-g7bc237e783 (webtiles) character file.

Game seed: 2738820573381142809

26 zeratav the Chiller (level 3, 0/21 HPs)
             Began as an Octopode Ice Elementalist on Apr 26, 2022.
             Slain by a goblin
             ... wielding a +0 dagger
              (1 damage)
             ... on level 2 of the Dungeon.
             The game lasted 00:02:31 (1282 turns).

zeratav the Chiller (Octopode Ice Elementalist)     Turns: 1282, Time: 00:02:31

Health: 0/21       AC:  1    Str:  7    XL:     3   Next: 8%
Magic:  6/6        EV: 13    Int: 19    God:
Gold:   90         SH:  0    Dex: 12    Spells: 5/6 levels left

rFire   . . .      SeeInvis .   b - +0 club {mace}
rCold   . . .      Faith    .   (no shield)
rNeg    . . .      Spirit   .   (helmet restricted)
rPois   .          Reflect  .   (no amulet)
rElec   .          Harm     .   (no ring)
rCorr   .          Rampage  .   (no ring)
Will    .....                   (no ring)
Stlth   +++.......              (no ring)
HPRegen 0.07/turn               (no ring)
MPRegen 0.10/turn               (no ring)
                                (no ring)
                                (no ring)

@: no status effects
A: almost no armour, amphibious, 8 rings, camouflage 1, gelatinous body 1,
(nimble swimmer 1), tentacles
a: no special abilities


You were on level 2 of the Dungeon.
You visited 1 branch of the dungeon, and saw 2 of its levels.

You collected 90 gold pieces.


Innate Abilities, Weirdness & Mutations

You cannot wear most types of armour.
You are amphibious.
You can wear up to eight rings at the same time.
Your skin changes colour to match your surroundings (Stealth+).
Your rubbery body absorbs attacks. (AC +1, EV +1)
((You are camouflaged when in or above water. (Stealth+)))
You have tentacles for arms and can constrict up to eight enemies at once.


   Skills:
 - Level 2.0 Dodging
 - Level 2.6 Stealth
 + Level 2.4 Spellcasting
 * Level 4.6 Ice Magic


You had 5 spell levels left.
You knew the following spells:

 Your Spells              Type           Power      Damage    Failure   Level
a - Freeze                Ice            80%        1d9       2%          1

Your spell library contained the following spells:

 Spells                   Type           Power      Damage    Failure   Level
 Frozen Ramparts          Ice            40%        1d6       7%          3
 Ozocubu's Armour         Ice            20%        N/A       7%          3
 Hailstorm                Conj/Ice       11%        3d5       52%         4
 Blade Hands              Tmut           1%         N/A       99%         5
 Irradiate                Conj/Tmut      1%         3d13      99%         5
 Dragon Form              Tmut           1%         N/A       100%        7

Inventory:

Hand Weapons
 b - a +0 club (weapon) {mace}
   (You found it on level 1 of the Dungeon)
 f - a +1 hunting sling of flaming {sling}
   (You found it on level 2 of the Dungeon)
Scrolls
 c - a scroll of blinking {unknown}
 e - a scroll of identify {unknown}
Potions
 d - 2 potions of curing {unknown}
 g - a potion of brilliance {unknown}

Dungeon Overview and Level Annotations

Branches:
Dungeon (2/15)

Altars:

#.###...####...#.#
#..##.########...#
###....##.........#
##........†#######.#
.####..#..###### .#
.........## .#
#.##$..#.# #
#.###.### # #)@.#
#.g.r.....#
#...........
.w...........
#!K...........
..............#
..###....#....# ..
#.#######..


You could see a worm, a goblin, a kobold and a rat.


Message History

Found a stone staircase leading up.
You see here a +0 dagger {short}.
You see here a +0 dagger {short}.
There is a stone staircase leading up here.
A ball python comes into view.
A ball python is nearby!
You miscast Freeze.
You are very lightly contaminated with residual magic.
Nothing appears to happen.
MP[-1]
You lost 1 mp, and now have 4/5 mp.
You freeze the ball python.
You kill the ball python!
MP[-1]
You lost 1 mp, and now have 3/5 mp.
You can't see any susceptible monsters within range! (Use Z to cast anyway.)
Your magical contamination has completely faded away.
An endoplasm comes into view.
You see here a ball python corpse.
MP[+2]
Your mp is fully restored (5).
An endoplasm is nearby!
You can't see any susceptible monsters within range! (Use Z to cast anyway.)
You freeze the endoplasm. The endoplasm barely misses you.
MP[-1]
You lost 1 mp, and now have 4/5 mp.
You freeze the endoplasm.
You kill the endoplasm!
MP[-1]
You lost 1 mp, and now have 3/5 mp.
A worm comes into view.
Found a stone staircase leading up.
MP[+2]
Your mp is fully restored (5).
A worm is nearby!
A worm is nearby!
A rat comes into view.
You freeze the worm.
A goblin comes into view. It is wielding a +0 dagger.
MP[-1]
You lost 1 mp, and now have 4/5 mp.
You freeze the worm.
The goblin shouts!
You hear a shout!
The worm bites you.
A kobold comes into view. It is wielding a +0 whip.
HP[-3] MP[-1]
You take 3 damage, and now have 14/17 hp.
You lost 1 mp, and now have 3/5 mp.
You freeze the worm. The worm bites you.
HP[-3] MP[-1]
You take 3 damage, and now have 11/17 hp.
You lost 1 mp, and now have 2/5 mp.
You are too injured to fight recklessly!
You are too injured to fight recklessly!
You hit the worm. Your grab misses the worm. You hit the worm.
You grab the worm.
You tentacle-slap the worm, but do no damage.
You constrict the worm. The worm barely misses you.
You hit the worm. You constrict the worm.
The goblin hits you but does no damage. The worm bites you!
Ouch! That really hurt!
* * * LOW HITPOINT WARNING * * *
HP[-10]
You take 10 damage, and now have 1/17 hp.
MASSIVE DAMAGE!! (PAUSE)
You hit the worm.
You kill the worm!
The goblin closely misses you.
A worm comes into view.
The goblin misses you.
You have reached level 3!
Your experience leads to an increase in your attributes!
Increase (S)trength, (I)ntelligence, or (D)exterity?
You feel clever. x2
You now have 21 max hp (+4).
Casting: Freeze (safe; 2% risk of failure)
Confirm with . or Enter, or press ? or * to list all spells.
Aiming: Freeze (safe; 2% risk of failure)
Press: ? - help, Shift-Dir - straight line, f - kobold
Aim: a kobold, wielding a +0 whip You freeze the kobold.
A kobold comes into view. It is wielding a +0 whip.
The kobold barely misses you. The goblin misses you.
MP[-1]
You lost 1 mp, and now have 1/6 mp.
Casting: Freeze (safe; 2% risk of failure)
Confirm with . or Enter, or press ? or * to list all spells.
Aiming: Freeze (safe; 2% risk of failure)
Press: ? - help, Shift-Dir - straight line, f/p - kobold
Aim: a kobold, wielding a +0 whip (moderately wounded)
You freeze the kobold.
You kill the kobold!
The goblin barely misses you.
MP[-1]
You lost 1 mp, and now have 0/6 mp.
Casting: Freeze (safe; 2% risk of failure)
Confirm with . or Enter, or press ? or * to list all spells.
You don't have enough magic to cast this spell.
Magic courses through your body. The goblin hits you with a +0 dagger.
You die...

Action                   || total
-------------------------++-------
Melee: Club              ||    12
       Constrict         ||     3
       Punch             ||     1
       Tentacles         ||     1
 Cast: Freeze            ||    32
  Use: Potion            ||     1
 Stab: Sleeping          ||     1
Armor: Skin              ||     3
Dodge: Dodged            ||    19

Levels and vault maps discovered:
D:1:      lightli_molten_gateway, layout_loops_ring
D:2:      layout_rooms, minmay_tromino_v7

Notes
Turn   | Place    | Note
-------+----------+-------------------------------------------
     0 | D:1      | zeratav the Octopode Ice Elementalist began the quest for
                  | the Orb.
     0 | D:1      | Reached XP level 1. HP: 11/11 MP: 3/3
     0 | D:1      | magus.rc [v1.9.6]
   190 | D:1      | Reached XP level 2. HP: 13/17 MP: 0/5
  1112 | D:2      | You pick up a book of Transfigurations {@e2} and begin
                  | reading...
  1112 | D:2      | You add the spells Irradiate, Blade Hands and Dragon Form
                  | to your library.
  1278 | D:2      | HP: 1/17 [worm (11)]
  1280 | D:2      | Reached XP level 3. HP: 1/21 MP: 2/6
  1282 | D:2      | Slain by a goblin

Vanquished Creatures
  A worm (D:2)
  3 endoplasms
  3 giant cockroaches (D:1)
  2 hobgoblins
  3 kobolds
  4 ball pythons
  3 goblins (D:1)
  4 rats (D:1)
23 creatures vanquished.

Table legend:
 A = Non-vault XP
 B = Vault XP
 C = Vault XP percentage of total XP
 D = Non-vault monster count
 E = Vault monster count
 F = Vault count percentage of total count
                 A         B        C        D         E       F
            +---------+---------+-------+---------+---------+-------
      Total |      38 |       0 |   0.0 |      23 |       0 |   0.0
            +---------+---------+-------+---------+---------+-------
        D:1 |      25 |       0 |   0.0 |      17 |       0 |   0.0
        D:2 |      13 |       0 |   0.0 |       6 |       0 |   0.0
            +---------+---------+-------+---------+---------+-------

Illustrated notes

Table legend:
 A = Kills in this place as a percentage of kills in entire the game.
 B = Kills by you in this place as a percentage of kills by you in the entire game.
 C = Kills by friends in this place as a percentage of kills by friends in the entire game.
 D = Other kills in this place as a percentage of other kills in the entire game.
 E = Experience gained in this place as a percentage of experience gained in the entire game.
 F = Experience gained in this place divided by the number of levels of this place that you have seen.
                   A       B       C       D       E      F
               +-------+-------+-------+-------+-------+----------------------
         Total | 100.0 | 100.0 |   N/A |   N/A | 100.0 |  19.0
       Dungeon | 100.0 | 100.0 |   N/A |   N/A | 100.0 |  19.0
               +-------+-------+-------+-------+-------+----------------------

Table legend: (Time is in decaauts)
 A = Elapsed time spent in this place.
 B = Non-inter-level travel time spent in this place.
 C = Inter-level travel time spent in this place.
 D = Time resting spent in this place.
 E = Time spent auto-exploring this place.
 F = Levels seen in this place.
 G = Mean time per level.
                   A        B        C        D        E       F      G
               +--------+--------+--------+--------+--------+-----+--------+
         Total |   1284 |   1223 |     61 |      0 |   1062 |   2 |  642.0 |
       Dungeon |   1284 |   1223 |     61 |      0 |   1062 |   2 |  642.0 |
               +--------+--------+--------+--------+--------+-----+--------+

Top non-repeatable levels by time:
     D:1: 1106 daAuts
     D:2: 177 daAuts
